 Dungeon Crawl Stone Soup version 0.19.5 (webtiles) character file.

66 greprep the Magician (level 3, 0/16 HPs)
             Began as a Spriggan Conjurer on Apr 30, 2017.
             Slain by eeldvark's ghost (2 damage)
             ... on level 3 of the Dungeon.
             The game lasted 00:15:03 (3460 turns).

greprep the Magician (Spriggan Conjurer)            Turns: 3460, Time: 00:15:06

Health: 0/16       AC:  2    Str:  4    XL:     3   Next: 96%
Magic:  1/9        EV: 16    Int: 17    God:
Gold:   117        SH:  0    Dex: 16    Spells: 2 memorised, 6 levels left

rFire  . . .     SeeInvis +     (weapon restricted)
rCold  . . .     Gourm    .     a - +0 robe
rNeg   . . .     Faith    .     (shield restricted)
rPois  .         Spirit   .     (helmet restricted)
rElec  .         Reflect  .     (no cloak)
rCorr  .         Harm     .     (gloves unavailable)
MR     .....                    (boots unavailable)
Stlth  ++........               (no amulet)
                                (no ring)
                                (no ring)

@: heavily drained, very quick
A: unfitting armour, see invisible, herbivore 3, speed 3, slow metabolism 2
a: no special abilities


You were on level 3 of the Dungeon.
You were full.

You visited 1 branch of the dungeon, and saw 4 of its levels.

You collected 117 gold pieces.

Inventory:

Armour
 a - a +0 robe (worn)
Scrolls
 e - 2 scrolls of remove curse
 f - a scroll of fog {unknown}
 g - a scroll of noise {unknown}
 i - a scroll of enchant weapon {unknown}
 j - a scroll of recharging {unknown}
Potions
 h - a potion of agility
 k - a potion of cure mutation {unknown}
 l - a potion of lignification {unknown}
 m - a potion of curing {unknown}
Books
 b - a book of Conjurations

   Spells                             Type                      Level
   a - Magic Dart                     Conjuration                  1
   b - Searing Ray                    Conjuration                  2
   c - Dazzling Spray                 Conjuration/Hexes            3
   d - Fulminant Prism                Conjuration/Hexes            4
   e - Iskenderun's Mystic Blast      Conjuration                  4
   f - Iskenderun's Battlesphere      Conjuration/Charms           5
Comestibles
 c - 2 bread rations


   Skills:
 + Level 3.1(1.0) Dodging
 + Level 3.1(1.0) Stealth
 + Level 3.9(1.7) Spellcasting
 + Level 3.7(1.5) Conjurations


You had 6 spell levels left.
You knew the following spells:

 Your Spells              Type           Power        Failure   Level  Hunger
a - Magic Dart            Conj           #...         12%         1    ##.....
b - Searing Ray           Conj           #.....       17%         2    ###....


Dungeon Overview and Level Annotations

Branches:
Dungeon (4/15)
 Temple: D:4-7

Altars:

Annotations:
D:3 eeldvark's ghost, amateur DrWn


Innate Abilities, Weirdness & Mutations

You are very small and have problems with some larger weapons.
You are too small for most types of armour.
You have supernaturally acute eyesight. (SInv)
You are a herbivore.
You cover ground extremely quickly.
You need consume almost no food.


Message History

Eeldvark's ghost barely misses you.
You hit eeldvark's ghost but do no damage.
Eeldvark's ghost is moderately damaged.
Eeldvark's ghost completely misses you.
You hit eeldvark's ghost but do no damage.
Eeldvark's ghost is moderately damaged.
Eeldvark's ghost closely misses you.
You hit eeldvark's ghost but do no damage.
Eeldvark's ghost is moderately damaged.
Eeldvark's ghost closely misses you.
You barely miss eeldvark's ghost.
Eeldvark's ghost is moderately damaged.
Eeldvark's ghost barely misses you.
You barely miss eeldvark's ghost.
Eeldvark's ghost is moderately damaged.
Eeldvark's ghost hits you!
Ouch! That really hurt!
* * * LOW HITPOINT WARNING * * *
You feel drained.
You die...

##### #...# ########
#...# #......# #...#
#####.####.##
#...######### ####.).#.#
#>.###
#...<.W.....###....#.#.#
##....
#...#######..##.####.#.#
####. #...### ##.(..#
#...# #. #.....#
####.#.@######.#### ##
#####.#
#....##.W...##....###
#.#
#.#########.........##
#.###.# #####......##
#.##W.# ###########...##
#....## #.....# ##....
#..### #..(..# ##..#
#...# #.....# #..#
##..## #####.....# #...


You could see eeldvark's ghost.

Vanquished Creatures
  2 adders (D:2)
  A dart slug (D:3)
  2 leopard geckos (D:2)
  2 goblins
  7 hobgoblins
  5 jackals
  8 bats
  4 frilled lizards (D:2)
  6 kobolds
  4 rats
41 creatures vanquished.

Notes
Turn   | Place    | Note
-------+----------+-------------------------------------------
     0 | D:1      | greprep the Spriggan Conjurer began the quest for the Orb.
     0 | D:1      | Reached XP level 1. HP: 9/9 MP: 5/5
   402 | D:1      | Reached XP level 2. HP: 13/13 MP: 1/6
  1432 | D:2      | Reached XP level 3. HP: 16/16 MP: 0/8
  2173 | D:3      | Learned a level 2 spell: Searing Ray
  2237 | D:3      | Noticed eeldvark's ghost (amateur DrWn)
  3460 | D:3      | Slain by eeldvark's ghost

Skill      XL: |  1  2  3 |
---------------+----------+-----
Conjurations   | 3 |  3.7
Spellcasting   | 3 |  3.9
Dodging        | |  3.1
Stealth        | |  3.1

Action                   || total
-------------------------++-------
Melee: Unarmed           ||    23
 Cast: Magic Dart        ||   138
       Searing Ray       ||     8
  Use: Scroll            ||     2
  Eat: Bread ration      ||     1
Armor: Robe              ||    12
Dodge: Dodged            ||    60
